AoeStats
← web

Arena

507412572Analyzed
4v4 RM · 14d ago on Sep 18, 2026· 48m 0s· 8 players
Game mode
Random Map
Map size
Large (8 player)
Population
200
Speed
Normal
Resources
Standard
Victory
Conquest
Starting age
Dark Age
Ending age
Imperial Age
RankedLock teamsTeams togetherTeam positionsShared explorationLock speedFull tech treeHidden civsTurbo modeCheats
Victory
Defeat
🇨🇳 Poles · China
1472
+10
🇨🇳 Huns · China
1432
+11
🇲🇽 Sicilians · Mexico
1419
+12
🇹🇼 Malians · Taiwan
1416
+11
🇨🇳 Khmer · China
1356
-12
🇲🇽 Vietnamese · Mexico
1322
-11
🇺🇸 Ethiopians · United States
1317
-11
🇦🇷 Vikings · Argentina
1298
-10
CrashTag
10:07 Feudal Age
11:59 Loom
14:43 Castle Age
13:43 Double-Bit Axe
13:40 Horse Collar
19:55 Bow Saw
20:53 Wheelbarrow
23:08 Hand Cart
23:37 Gold Mining
23:37 Stone Mining
24:51 Town Watch
30:12 Imperial Age
30:18 Heavy Plow
31:18 Ballistics
31:58 Chemistry
30:39 Heavy Scorpion
31:58 Conscription
34:13 Scale Barding Armor
34:18 Forging
34:06 Light Cavalry
34:47 Husbandry
34:57 Bloodlines
35:55 Chain Barding Armor
37:16 Plate Barding Armor
37:16 Iron Casting
40:27 Iron Casting
41:07 Crop Rotation
44:21 Blast Furnace
43:12 Fletching
42:47 Capped Ram
44:30 Bodkin Arrow
44:37 Town Patrol
44:47 Siege Engineers
44:52 Masonry
45:55 Bracer
45:58 Siege Ram
Faith
10:05 Feudal Age
13:51 Castle Age
12:05 Double-Bit Axe
14:20 Horse Collar
24:04 Wheelbarrow
24:04 Loom
24:34 Bow Saw
29:06 Imperial Age
26:44 Fletching
27:13 Hand Cart
26:44 Town Watch
27:02 Heavy Plow
27:59 Gold Mining
30:15 Conscription
29:56 Bodkin Arrow
31:03 Chemistry
29:46 Heavy Cavalry Archer
31:07 Bracer
31:20 Bloodlines
31:11 Husbandry
31:39 Thumb Ring
33:19 Padded Archer Armor
33:45 Parthian Tactics
34:02 Ballistics
34:47 Leather Archer Armor
36:22 Marauders
36:48 Scale Barding Armor
36:34 Elite Tarkan
37:49 Chain Barding Armor
39:09 Plate Barding Armor
38:44 Forging
42:36 Iron Casting
41:53 Light Cavalry
45:35 Hussar
劉劉家
10:54 Feudal Age
14:37 Castle Age
12:55 Double-Bit Axe
12:59 Horse Collar
15:37 Bow Saw
20:39 Scale Mail Armor
23:08 Wheelbarrow
22:40 Town Watch
27:15 Chain Mail Armor
28:40 Gold Mining
32:04 Imperial Age
30:45 Heavy Plow
31:17 Hand Cart
32:30 Fletching
32:40 Padded Archer Armor
33:12 Bodkin Arrow
34:32 Conscription
33:46 Elite Skirmisher
34:45 Leather Archer Armor
34:48 Thumb Ring
35:28 Plate Mail Armor
35:08 Forging
35:36 Stone Mining
36:47 Ring Archer Armor
37:44 Chemistry
37:11 Ballistics
42:59 Guard Tower
43:20 Masonry
44:31 Plate Mail Armor
45:24 Fortified Wall
45:53 Keep
牛比无极限
10:20 Feudal Age
14:56 Castle Age
13:19 Double-Bit Axe
13:32 Horse Collar
14:36 Loom
20:57 Wheelbarrow
23:43 Imperial Age
23:49 Scale Barding Armor
24:32 Szlachta Privileges
24:43 Forging
28:18 Conscription
29:05 Fletching
30:57 Scale Mail Armor
32:09 Bodkin Arrow
32:59 Chain Mail Armor
33:24 Bracer
35:05 Plate Mail Armor
35:59 Hand Cart
38:07 Forging
37:24 Cavalier
38:15 Bloodlines
38:06 Husbandry
39:07 Chain Barding Armor
39:24 Iron Casting
44:14 Heavy Plow
44:30 Bow Saw
web
10:42 Feudal Age
11:52 Double-Bit Axe
14:29 Castle Age
13:12 Horse Collar
15:24 Bow Saw
15:26 Heavy Plow
21:35 Wheelbarrow
23:49 Hand Cart
27:56 Imperial Age
25:35 Crossbowman
26:10 Fletching
26:21 Padded Archer Armor
27:12 Ballistics
26:57 Bodkin Arrow
27:01 Loom
27:01 Town Watch
27:45 Thumb Ring
28:24 Leather Archer Armor
28:41 Bracer
30:35 Arbalester
34:09 Town Patrol
36:09 Chemistry
35:25 Siege Engineers
35:27 Onager
38:00 Conscription
39:25 Squires
39:57 Halberdier
40:39 Scale Mail Armor
40:50 Forging
42:31 Fortified Wall
42:34 Masonry
42:21 Murder Holes
44:17 Chain Mail Armor
44:38 Iron Casting
45:22 Torsion Engines
46:54 Plate Mail Armor
47:25 Blast Furnace
gelas14
10:35 Feudal Age
14:41 Castle Age
12:50 Double-Bit Axe
13:04 Horse Collar
15:38 Bow Saw
18:34 Heavy Plow
22:32 Fletching
22:29 Loom
26:09 Town Watch
31:31 Imperial Age
29:17 Scale Mail Armor
30:14 Chain Mail Armor
30:16 Squires
30:57 Gold Mining
31:14 Gambesons
31:40 Forging
32:06 Chieftains
33:39 Plate Mail Armor
33:44 Iron Casting
33:07 Arson
32:50 Elite Skirmisher
33:27 Bodkin Arrow
33:59 Padded Archer Armor
34:34 Gambesons
35:24 Conscription
35:58 Murder Holes
36:16 Siege Engineers
37:14 Chemistry
36:25 Siege Engineers
37:20 Chemistry
36:32 Bracer
36:47 Leather Archer Armor
37:22 Ballistics
38:02 Chemistry
37:55 Coinage
38:13 Iron Casting
39:03 Ring Archer Armor
40:21 Two-Man Saw
39:59 Masonry
41:06 Blast Furnace
39:47 Pikeman
41:30 Murder Holes
42:05 Architecture
43:23 Banking
44:09 Imperial Skirmisher
45:52 Crop Rotation
47:36 Caravan
Alarcón
10:43 Feudal Age
12:54 Wheelbarrow
15:49 Castle Age
15:04 Double-Bit Axe
15:00 Horse Collar
16:46 Bow Saw
16:44 Loom
20:45 Town Watch
26:26 Gold Mining
30:02 Imperial Age
28:57 Stone Mining
29:03 Fletching
29:13 Padded Archer Armor
28:56 Treadmill Crane
29:36 Ballistics
29:12 Murder Holes
29:44 Hand Cart
29:45 Bodkin Arrow
31:01 Leather Archer Armor
30:18 Elite Rattan Archer
32:35 Two-Man Saw
31:44 Bracer
32:57 Hoardings
33:36 Chemistry
33:56 Paper Money
34:58 Ring Archer Armor
34:47 Sappers
35:38 Siege Engineers
41:35 Pikeman
41:38 Elite Fire Lancer
42:19 Squires
42:04 Arson
43:07 Scale Mail Armor
43:17 Forging
45:07 Chain Mail Armor
45:27 Iron Casting
45:24 Fortified Wall
45:44 Thumb Ring
48:47 Plate Mail Armor
xrw
11:03 Feudal Age
11:33 Loom
13:56 Castle Age
12:09 Double-Bit Axe
12:20 Horse Collar
13:54 Loom
18:08 Bow Saw
18:04 Stone Mining
23:37 Heavy Plow
23:45 Gold Mining
28:31 Imperial Age
27:26 Wheelbarrow
27:58 Fortified Wall
28:04 Masonry
28:01 Pikeman
31:47 Scale Barding Armor
31:55 Bloodlines
31:59 Forging
31:57 Fletching
33:39 Husbandry
35:28 Chain Barding Armor
36:41 Padded Archer Armor
39:05 Light Cavalry
40:57 Plate Barding Armor
Connection lost

Rejoining the realm…

Still unreachable

The connection could not be restored.

Session expired

The server has moved on; the page needs a fresh start.